 Dungeon Crawl Stone Soup version 0.23.1 (webtiles) character file.

Game seed: 1326661501704500130

123 Borgoz the Sneak (level 5, -1/40 HPs)
             Began as a Ghoul Enchanter on Mar 3, 2019.
             Killed from afar by an orc wizard (9 damage)
             ... with a magic dart
             ... on level 3 of the Dungeon.
             The game lasted 00:06:07 (2604 turns).

Borgoz the Sneak (Ghoul Enchanter)                  Turns: 2604, Time: 00:06:08

Health: -1/40      AC:  6    Str: 12    XL:     5   Next: 7%
Magic:  7/7        EV: 12    Int: 10    God:
Gold:   159        SH:  0    Dex: 10    Spells: 7/8 levels left

rFire    + . .     SeeInvis .   a - +1 dagger
rCold    + . .     Gourm    .   (no shield)
rNeg     + + +     Faith    .   s - +3 leather armour
rPois    ∞         Spirit   .   (no helmet)
rElec    .         Reflect  .   (no cloak)
rCorr    .         Harm     .   (no gloves)
MR       .....                  (no boots)
Stlth    ++........             (no amulet)
HPRegen  0.00/turn              j - ring of protection from fire
MPRegen  0.10/turn              (no ring)

@: very slightly contaminated, rotting, invisible
A: rotting body, claws 1, carnivore, cold resistance 1, negative energy
resistance 3, inhibited regeneration, torment resistance, unbreathing
a: no special abilities


You were on level 3 of the Dungeon.
You were not hungry.

You visited 1 branch of the dungeon, and saw 3 of its levels.

You collected 159 gold pieces.

Inventory:

Hand Weapons
 a - a +1 dagger (weapon)
Missiles
 e - 5 curare-tipped needles
Armour
 s - a +3 leather armour (worn)
Jewellery
 j - a ring of protection from fire (left claw)
Scrolls
 b - a scroll of random uselessness {unknown}
 c - a scroll of amnesia {unknown}
 h - 2 scrolls of enchant weapon {unknown}
 l - a scroll of blinking {unknown}
 m - a scroll of enchant armour {unknown}
 o - 2 scrolls of immolation {unknown}
 p - a scroll of remove curse {unknown}
 q - 4 scrolls of identify {unknown}
 r - a scroll of fear {unknown}
Potions
 f - a potion of brilliance {unknown}
 i - a potion of curing
 k - a potion of invisibility
 n - a potion of cancellation {unknown}
Comestibles
 d - 7 rations


   Skills:
 + Level 1.4 Fighting
 * Level 2.1 Short Blades
 + Level 1.0 Armour
 * Level 2.6 Dodging
 + Level 3.8 Stealth
 + Level 2.1 Spellcasting
 + Level 2.6 Hexes


You had 7 spell levels left.
You knew the following spells:

 Your Spells              Type           Power        Failure   Level  Hunger
a - Corona                Hex            #......      13%         1    ##.....

Your spell library contained the following spells:

 Spells                   Type           Power        Failure   Level  Hunger
 Ensorcelled Hibernation  Hex/Ice        #.....       34%         2    ###....
 Confuse                  Hex            #.......     36%         3    ####...
 Tukima's Dance           Hex            #.......     36%         3    ####...
 Dazzling Spray           Conj/Hex       #.....       56%         3    ####...


Dungeon Overview and Level Annotations

Branches:
Dungeon (3/15)

Altars:
Ashenzari
Cheibriados


Innate Abilities, Weirdness & Mutations

Your body is rotting away.
You thrive on raw meat.
You are immune to poison.
You have sharp fingernails.
You are carnivorous and can eat meat at any time.
Your flesh is cold resistant. (rC+)
You are immune to negative energy. (rN+++)
You do not regenerate when monsters are visible.
You are immune to unholy pain and torment.
You can survive without breathing.


Message History

The stone closely misses you.
Unknown command.
You feel better. Something hits you but does no damage.
The orc throws a stone.
The stone hits you.
* * * LOW HITPOINT WARNING * * *
It was a potion of invisibility.
You fade into invisibility!
Something hits you.
* * * LOW HITPOINT WARNING * * *
The orc throws a stone.
The stone misses you.
You are very lightly contaminated with residual magic.
You closely miss something.
You hear some strange, mumbled words.
Something tries to affect you, but you resist.
You barely miss something. Something hits you but does no damage.
You closely miss something.
You hear some strange, mumbled words.
A magic dart appears from out of thin air!
The magic dart hits you!
You die...

............ ##..........
...'##. ............
....... .........###
....... ..#....... .......
..#.###### # ..._... ..#.#
##. .o..... ..#
#..#####†...... #.#
#(....@)....... #.#
#..#..#{.#.'##. #.#
#..#### .# #.# #.....# #.#
#.#.#...# #.#
#.......#####... #.#
.....#.#.......#
#.##############.#########
#................#


You could see an orc.

Vanquished Creatures
  Natasha (D:3)
  2 adders
  2 oozes
  2 dart slugs
  An orc (D:3)
  13 bats
  6 giant cockroaches
  8 goblins
  3 hobgoblins (D:3)
  7 jackals
  3 kobolds
  3 quokkas
  A ball python (D:2)
  3 frilled lizards
  9 rats
64 creatures vanquished.

Notes
Turn   | Place    | Note
-------+----------+-------------------------------------------
     0 | D:1      | Borgoz the Ghoul Enchanter began the quest for the Orb.
     0 | D:1      | Reached XP level 1. HP: 14/14 MP: 2/2
    11 | D:1      | Reached skill level 1 in Short Blades
   146 | D:1      | Reached XP level 2. HP: 20/20 MP: 3/3
   415 | D:1      | Found a snail-covered altar of Cheibriados.
   751 | D:1      | Reached XP level 3. HP: 27/27 MP: 4/4
  1086 | D:2      | Reached skill level 1 in Fighting
  2015 | D:3      | Reached XP level 4. HP: 28/35 MP: 6/6
  2264 | D:3      | Noticed Natasha
  2289 | D:3      | Killed Natasha
  2298 | D:3      | Reached skill level 1 in Armour
  2344 | D:3      | Reached XP level 5. HP: 38/40 MP: 7/7
  2557 | D:3      | Found a shattered altar of Ashenzari.
  2604 | D:3      | Killed from afar by an orc wizard

Skill      XL: |  1  2  3  4 |
---------------+-------------+-----
Short Blades   | 1 2 |  2.1
Dodging        | 2 |  2.6
Spellcasting   | 2 |  2.1
Fighting       | 1 |  1.4
Armour         | 1 |  1.0
Stealth        | |  3.8
Hexes          | |  2.6

Action                   |  1- 3 |  4- 6 || total
-------------------------+-------+-------++-------
Melee: Dagger            |   210 |   168 ||   378
  Use: Potion            |       |     5 ||     5
 Stab: Sleeping          |    11 |     1 ||    12
  Eat: Chunk             |    19 |     3 ||    22
Armor: Robe              |    41 |       ||    41
       Leather armour    |    26 |    70 ||    96
Dodge: Dodged            |   175 |   123 ||   298
